% Time on Ice - LOS ANGELES SEALS
Lines # - Real PCT - Wanted PCT - Time Play
Normal Forward
1 - 36% - 36% - 15:27
2 - 31% - 31% - 13:20
3 - 25% - 23% - 10:27
4 - 8% - 10% - 3:13
Normal Defense
1 - 36% - 36% - 15:22
2 - 33% - 31% - 13:53
3 - 27% - 23% - 11:21
4 - 4% - 10% - 1:51
PP Forward
1 - 54% - 55% - 6:29
2 - 46% - 45% - 5:26
PP Defense
1 - 42% - 55% - 4:57
2 - 58% - 45% - 6:58
PK Forward
1 - 58% - 55% - 3:15
2 - 42% - 45% - 2:23
PK Defense
1 - 45% - 55% - 2:33
2 - 55% - 45% - 3:05
PK3 Forward
1 - 0% - 55%
2 - 0% - 45%
PK3 Defense
1 - 0% - 55%
2 - 0% - 45%
44 Forward
1 - 0% - 55%
2 - 0% - 45%
44 Defense
1 - 0% - 55%
2 - 0% - 45%
Last Minute Offensive  - 0:00
Last Minute Defensive  - 0:00
Total
Forward - 60:00
Defense - 60:00
% Time on Ice - RENO LIONS
Lines # - Real PCT - Wanted PCT - Time Play
Normal Forward
1 - 39% - 36% - 16:21
2 - 33% - 31% - 13:48
3 - 24% - 23% - 10:10
4 - 5% - 10% - 2:08
Normal Defense
1 - 39% - 36% - 16:41
2 - 33% - 31% - 13:48
3 - 22% - 23% - 9:29
4 - 6% - 10% - 2:29
PP Forward
1 - 64% - 55% - 3:38
2 - 36% - 45% - 2:00
PP Defense
1 - 60% - 55% - 3:22
2 - 40% - 45% - 2:16
PK Forward
1 - 56% - 55% - 6:42
2 - 44% - 45% - 5:13
PK Defense
1 - 54% - 55% - 6:27
2 - 46% - 45% - 5:28
PK3 Forward
1 - 0% - 55%
2 - 0% - 45%
PK3 Defense
1 - 0% - 55%
2 - 0% - 45%
44 Forward
1 - 0% - 55%
2 - 0% - 45%
44 Defense
1 - 0% - 55%
2 - 0% - 45%
Last Minute Offensive  - 0:00
Last Minute Defensive  - 0:00
Total
Forward - 60:00
Defense - 60:00
Play-by-Play 1st period 0:01 of 1st period - Mikael Backlund wins face-off versus Steven Stamkos in neutral zone. 0:08 of 1st period - Shot by Gustav Nyquist. 0:08 of 1st period - Deflect By Nikita Kucherov. 0:08 of 1st period - Shot Blocked by Oliver Ekman-Larsson. 0:24 of 1st period - Shot by Elias Pettersson. 0:24 of 1st period - Goal by Elias Pettersson - LOS ANGELES SEALS : 0 - RENO LIONS : 1. 0:25 of 1st period - Nicolas Roy wins face-off versus Cam Atkinson in neutral zone. 0:31 of 1st period - Dylan Strome is hit by Nikita Zadorov and loses puck. 0:45 of 1st period - Nicolas Roy is hit by Mattias Samuelsson and loses puck. 0:54 of 1st period - Shot by Dylan Strome. 0:54 of 1st period - Shot Misses the Net. 1:01 of 1st period - Double Minor Penalty to Nicolas Roy for High sticking. 1:02 of 1st period - Steven Stamkos wins face-off versus Nikita Kucherov in LOS ANGELES SEALS zone. 1:02 of 1st period - Kirill Kaprizov is hit by Brady Skjei and loses puck. 1:10 of 1st period - Kirill Kaprizov is hit by Torey Krug. 1:30 of 1st period - Kirill Kaprizov is hit by Brady Skjei and loses puck. 1:40 of 1st period - Icing by Kirill Kaprizov. 1:41 of 1st period - Elias Pettersson wins face-off versus Gustav Nyquist in RENO LIONS zone. 1:46 of 1st period - Shot by Kirill Kaprizov. 1:46 of 1st period - Shot Misses the Net. 1:48 of 1st period - Shot by Jacob Trouba. 1:48 of 1st period - Shot Misses the Net. 1:50 of 1st period - Shot by Jacob Trouba. 1:50 of 1st period - Stopped by Linus Ullmark without a rebound. 1:51 of 1st period - Ilya Mikheyev wins face-off versus Gustav Nyquist in LOS ANGELES SEALS zone. 2:24 of 1st period - Shot by Mikael Backlund. 2:24 of 1st period - Stopped by Elvis Merzlikins without a rebound. 2:25 of 1st period - Steven Stamkos wins face-off versus Gustav Nyquist in RENO LIONS zone. 3:12 of 1st period - Shot by Steven Stamkos. 3:12 of 1st period - Shot Misses the Net. 3:14 of 1st period - Shot by Kirill Kaprizov. 3:14 of 1st period - Goal by Kirill Kaprizov - LOS ANGELES SEALS : 0 - RENO LIONS : 2. 3:15 of 1st period - Derek Grant wins face-off versus Nicolas Roy in neutral zone. 4:19 of 1st period - Shot by Pierre-Luc Dubois. 4:19 of 1st period - Shot Blocked by Brady Skjei. 4:21 of 1st period - Shot by Ilya Mikheyev. 4:21 of 1st period - Stopped by Linus Ullmark without a rebound. 4:22 of 1st period - Steven Stamkos wins face-off versus Mikael Backlund in LOS ANGELES SEALS zone. 4:23 of 1st period - Shot by Kirill Kaprizov. 4:23 of 1st period - Stopped by Linus Ullmark with a rebound. 4:28 of 1st period - Off-side. 4:29 of 1st period - Steven Stamkos wins face-off versus Nikita Kucherov in neutral zone. 4:36 of 1st period - Shot by Kirill Kaprizov. 4:36 of 1st period - Stopped by Linus Ullmark without a rebound. 4:37 of 1st period - Steven Stamkos wins face-off versus Christian Dvorak in LOS ANGELES SEALS zone. 4:40 of 1st period - Shot by Steven Stamkos. 4:40 of 1st period - Stopped by Linus Ullmark without a rebound. 4:41 of 1st period - Mikael Backlund wins face-off versus Steven Stamkos in LOS ANGELES SEALS zone. 4:49 of 1st period - Icing by Jacob Trouba. 4:50 of 1st period - Christian Dvorak wins face-off versus Steven Stamkos in RENO LIONS zone. 5:37 of 1st period - Shot by Elias Pettersson. 5:37 of 1st period - Deflect By Kirill Kaprizov. 5:37 of 1st period - Stopped by Linus Ullmark without a rebound. 5:38 of 1st period - Pierre-Luc Dubois wins face-off versus Mikael Backlund in LOS ANGELES SEALS zone. 5:45 of 1st period - Shot by Pierre-Luc Dubois. 5:45 of 1st period - Stopped by Linus Ullmark without a rebound. 5:46 of 1st period - Mikael Backlund wins face-off versus Pierre-Luc Dubois in LOS ANGELES SEALS zone. 5:59 of 1st period - Shot by Nikita Kucherov. 5:59 of 1st period - Deflect By Gustav Nyquist. 5:59 of 1st period - Stopped by Elvis Merzlikins without a rebound. 6:00 of 1st period - Patrick Brown wins face-off versus Juho Lammikko in RENO LIONS zone. 6:12 of 1st period - Shot by Nicholas Ritchie. 6:12 of 1st period - Shot Blocked by Torey Krug. 6:14 of 1st period - Shot by Robert Hagg. 6:14 of 1st period - Stopped by Linus Ullmark without a rebound. 6:15 of 1st period - Mikael Backlund wins face-off versus Pierre-Luc Dubois in LOS ANGELES SEALS zone. 6:15 of 1st period - Mikael Backlund is hit by Ilya Mikheyev. 6:33 of 1st period - Shot by Cam Atkinson. 6:33 of 1st period - Shot Blocked by Gustav Nyquist. 6:35 of 1st period - Shot by Ilya Mikheyev. 6:35 of 1st period - Stopped by Linus Ullmark with a rebound. 7:18 of 1st period - Shot by Kirill Kaprizov. 7:18 of 1st period - Deflect By Steven Stamkos. 7:18 of 1st period - Shot Misses the Net. 7:20 of 1st period - Shot by Jacob Trouba. 7:20 of 1st period - Shot Blocked by Brandon Carlo. 7:22 of 1st period - Shot by Kirill Kaprizov. 7:22 of 1st period - Stopped by Linus Ullmark without a rebound. 7:23 of 1st period - Christian Dvorak wins face-off versus Andreas Johnsson in LOS ANGELES SEALS zone. 7:23 of 1st period - Christian Dvorak is hit by Trevor Lewis. 7:32 of 1st period - Icing by Robert Hagg. 7:33 of 1st period - Nick Bonino wins face-off versus Derek Grant in RENO LIONS zone. 7:34 of 1st period - Shot by Nicolas Roy. 7:34 of 1st period - Shot Misses the Net. 7:36 of 1st period - Shot by Nick Bonino. 7:36 of 1st period - Shot Misses the Net. 8:15 of 1st period - Noah Dobson is hit by Robert Hagg and loses puck. 8:39 of 1st period - Matthew Boldy is hit by Ethan Bear and loses puck. 8:57 of 1st period - Icing by Oliver Ekman-Larsson. 8:58 of 1st period - Mikael Backlund wins face-off versus Steven Stamkos in RENO LIONS zone. 9:20 of 1st period - Shot by Steven Stamkos. 9:20 of 1st period - Stopped by Linus Ullmark without a rebound. 9:21 of 1st period - Pierre-Luc Dubois wins face-off versus Juho Lammikko in LOS ANGELES SEALS zone. 9:22 of 1st period - Shot by Cam Atkinson. 9:22 of 1st period - Shot Misses the Net. 9:28 of 1st period - Shot by Pierre-Luc Dubois. 9:28 of 1st period - Shot Hit the Post. 9:32 of 1st period - Shot by Pierre-Luc Dubois. 9:32 of 1st period - Stopped by Linus Ullmark without a rebound. 9:33 of 1st period - Steven Stamkos wins face-off versus Mikael Backlund in LOS ANGELES SEALS zone. 9:54 of 1st period - Steven Stamkos is hit by Gustav Nyquist and loses puck. 10:05 of 1st period - Shot by Kirill Kaprizov. 10:05 of 1st period - Shot Misses the Net. 10:07 of 1st period - Shot by Steven Stamkos. 10:07 of 1st period - Stopped by Linus Ullmark without a rebound. 10:08 of 1st period - Pierre-Luc Dubois wins face-off versus Christian Dvorak in LOS ANGELES SEALS zone. 11:12 of 1st period - Shot by Kirill Kaprizov. 11:12 of 1st period - Goal by Kirill Kaprizov - LOS ANGELES SEALS : 0 - RENO LIONS : 3. 11:13 of 1st period - Mikael Backlund wins face-off versus Patrick Brown in neutral zone. 11:15 of 1st period - Off-side. 11:16 of 1st period - Steven Stamkos wins face-off versus Mikael Backlund in neutral zone. 11:28 of 1st period - Shot by Steven Stamkos. 11:28 of 1st period - Shot Misses the Net. 11:42 of 1st period - Shot by Nikita Kucherov. 11:42 of 1st period - Goal by Nikita Kucherov - LOS ANGELES SEALS : 1 - RENO LIONS : 3. 11:43 of 1st period - Patrick Brown wins face-off versus Nicolas Roy in neutral zone. 11:51 of 1st period - Patrick Brown is hit by Brady Skjei and loses puck. 11:58 of 1st period - Torey Krug is hit by Nicholas Ritchie and loses puck. 12:13 of 1st period - Robert Hagg is hit by Dylan Strome and loses puck. 12:32 of 1st period - Patrick Brown is hit by Nicolas Roy and loses puck. 12:49 of 1st period - Shot by Philip Tomasino. 12:49 of 1st period - Stopped by Elvis Merzlikins without a rebound. 12:50 of 1st period - Mikael Backlund wins face-off versus Elias Pettersson in RENO LIONS zone. 13:30 of 1st period - Shot by Steven Stamkos. 13:30 of 1st period - Shot Misses the Net. 13:36 of 1st period - Shot by Gustav Nyquist. 13:36 of 1st period - Stopped by Elvis Merzlikins without a rebound. 13:37 of 1st period - Pierre-Luc Dubois wins face-off versus Christian Dvorak in RENO LIONS zone. 13:46 of 1st period - Icing by Christian Dvorak. 13:47 of 1st period - Christian Dvorak wins face-off versus Derek Grant in LOS ANGELES SEALS zone. 13:47 of 1st period - Christian Dvorak is hit by Trevor Lewis. 13:56 of 1st period - Trevor Lewis is hit by Christian Dvorak and loses puck. 14:09 of 1st period - Shot by Matthew Boldy. 14:09 of 1st period - Shot Misses the Net. 14:11 of 1st period - Shot by Owen Tippett. 14:11 of 1st period - The goal is going for a video replay. 14:11 of 1st period - The goal is refused. 14:12 of 1st period - Pierre-Luc Dubois wins face-off versus Juho Lammikko in RENO LIONS zone. 14:12 of 1st period - Pierre-Luc Dubois is hit by Kyle Clifford. 14:23 of 1st period - Icing by Cam Atkinson. 14:24 of 1st period - Nicolas Roy wins face-off versus Pierre-Luc Dubois in RENO LIONS zone. 14:34 of 1st period - Icing by Jacob Trouba. 14:35 of 1st period - Mikael Backlund wins face-off versus Ilya Mikheyev in RENO LIONS zone. 14:51 of 1st period - Minor Penalty to Mikael Backlund for Tripping. 14:52 of 1st period - Steven Stamkos wins face-off versus Christian Dvorak in LOS ANGELES SEALS zone. 14:59 of 1st period - Shot by Elias Pettersson. 14:59 of 1st period - Shot Misses the Net. 15:01 of 1st period - Shot by Steven Stamkos. 15:01 of 1st period - Shot Misses the Net. 15:36 of 1st period - Shot by Steven Stamkos. 15:36 of 1st period - Shot Misses the Net. 15:52 of 1st period - Shot by Cam Atkinson. 15:52 of 1st period - Shot Misses the Net. 15:54 of 1st period - Shot by Ilya Mikheyev. 15:54 of 1st period - Stopped by Linus Ullmark without a rebound. 15:55 of 1st period - Pierre-Luc Dubois wins face-off versus Nicolas Roy in LOS ANGELES SEALS zone. 15:58 of 1st period - Shot by Ilya Mikheyev. 15:58 of 1st period - Stopped by Linus Ullmark without a rebound. 15:59 of 1st period - Pierre-Luc Dubois wins face-off versus Nikita Kucherov in LOS ANGELES SEALS zone. 16:15 of 1st period - Shot by Cam Atkinson. 16:15 of 1st period - Shot Blocked by Filip Hronek. 16:17 of 1st period - Shot by Jacob Trouba. 16:17 of 1st period - Deflect By Pierre-Luc Dubois. 16:17 of 1st period - Goal by Pierre-Luc Dubois - LOS ANGELES SEALS : 1 - RENO LIONS : 4. 16:17 of 1st period - Cal Petersen enters game. 16:18 of 1st period - Nicolas Roy wins face-off versus Steven Stamkos in neutral zone. 16:27 of 1st period - Kirill Kaprizov is hit by Nick Bonino and loses puck. 16:36 of 1st period - Shot by Dylan Strome. 16:36 of 1st period - Shot Misses the Net. 16:56 of 1st period - Shot by Nick Bonino. 16:56 of 1st period - Stopped by Elvis Merzlikins without a rebound. 16:57 of 1st period - Christian Dvorak wins face-off versus Pierre-Luc Dubois in RENO LIONS zone. 16:58 of 1st period - Shot by Matthew Boldy. 16:58 of 1st period - Stopped by Elvis Merzlikins without a rebound. 16:59 of 1st period - Pierre-Luc Dubois wins face-off versus Mikael Backlund in RENO LIONS zone. 17:05 of 1st period - Icing by Ilya Mikheyev. 17:06 of 1st period - Pierre-Luc Dubois wins face-off versus Mikael Backlund in RENO LIONS zone. 17:18 of 1st period - Minor Penalty to Pierre-Luc Dubois for Tripping. 17:19 of 1st period - Nicolas Roy wins face-off versus Kirill Kaprizov in RENO LIONS zone. 17:36 of 1st period - Shot by Nicolas Roy. 17:36 of 1st period - Shot Misses the Net. 17:38 of 1st period - Shot by Nicolas Roy. 17:38 of 1st period - Shot Misses the Net. 17:49 of 1st period - Shot by Nicolas Roy. 17:49 of 1st period - Stopped by Elvis Merzlikins without a rebound. 17:50 of 1st period - Mikael Backlund wins face-off versus Patrick Brown in RENO LIONS zone. 18:24 of 1st period - Icing by Mikael Backlund. 18:25 of 1st period - Mikael Backlund wins face-off versus Kirill Kaprizov in LOS ANGELES SEALS zone. 19:16 of 1st period - Kirill Kaprizov is hit by Nicolas Roy and loses puck. 19:33 of 1st period - Shot by Trevor Lewis. 19:33 of 1st period - Shot Misses the Net. 19:51 of 1st period - Shot by Derek Grant. 19:51 of 1st period - Shot Misses the Net. Goals for this period are 1 for LOS ANGELES SEALS vs 4 for RENO LIONS. Shots for this period are 9 for LOS ANGELES SEALS vs 19 for RENO LIONS. 2nd period 0:01 of 2nd period - Steven Stamkos wins face-off versus Mikael Backlund in neutral zone. 0:59 of 2nd period - Steven Stamkos is hit by Filip Hronek and loses puck. 1:33 of 2nd period - Shot by Dylan Strome. 1:33 of 2nd period - Stopped by Elvis Merzlikins without a rebound. 1:34 of 2nd period - Juho Lammikko wins face-off versus Pierre-Luc Dubois in RENO LIONS zone. 1:34 of 2nd period - Philip Tomasino is hit by Oliver Ekman-Larsson and loses puck. 1:55 of 2nd period - Shot by Pierre-Luc Dubois. 1:55 of 2nd period - Shot Blocked by Marcus Pettersson. 2:09 of 2nd period - Icing by Jacob Trouba. 2:10 of 2nd period - Mikael Backlund wins face-off versus Pierre-Luc Dubois in RENO LIONS zone. 2:35 of 2nd period - Mikael Backlund is hit by Jacob Trouba and loses puck. 3:30 of 2nd period - Nicolas Roy is hit by Ethan Bear and loses puck. 3:35 of 2nd period - Shot by Nick Bonino. 3:35 of 2nd period - Shot Misses the Net. 3:37 of 2nd period - Shot by Nick Bonino. 3:37 of 2nd period - Stopped by Elvis Merzlikins without a rebound. 3:38 of 2nd period - Steven Stamkos wins face-off versus Christian Dvorak in RENO LIONS zone. 3:38 of 2nd period - Steven Stamkos is hit by Owen Tippett. 3:53 of 2nd period - Shot by Matthew Boldy. 3:53 of 2nd period - Shot Misses the Net. 3:55 of 2nd period - Shot by Owen Tippett. 3:55 of 2nd period - Deflect By Matthew Boldy. 3:55 of 2nd period - Shot Misses the Net. 3:57 of 2nd period - Shot by Owen Tippett. 3:57 of 2nd period - Stopped by Elvis Merzlikins with a rebound. 3:59 of 2nd period - Shot by Owen Tippett. 3:59 of 2nd period - Shot Misses the Net. 4:01 of 2nd period - Shot by Matthew Boldy. 4:01 of 2nd period - Shot Misses the Net. 4:03 of 2nd period - Shot by Marcus Pettersson. 4:03 of 2nd period - Stopped by Elvis Merzlikins without a rebound. 4:04 of 2nd period - Nicolas Roy wins face-off versus Patrick Brown in RENO LIONS zone. 4:16 of 2nd period - Nicolas Roy is hit by Robert Hagg and loses puck. 4:21 of 2nd period - Shot by Nick Bonino. 4:21 of 2nd period - Stopped by Elvis Merzlikins without a rebound. 4:22 of 2nd period - Mikael Backlund wins face-off versus Steven Stamkos in RENO LIONS zone. 4:30 of 2nd period - Nikita Kucherov is hit by Jacob Trouba and loses puck. 4:35 of 2nd period - Shot by Nikita Kucherov. 4:35 of 2nd period - Shot Misses the Net. 4:46 of 2nd period - Mikael Backlund is hit by Oliver Ekman-Larsson and loses puck. 5:37 of 2nd period - Nicolas Roy is hit by Oliver Ekman-Larsson and loses puck. 5:49 of 2nd period - Nick Bonino is hit by Jacob Trouba and loses puck. 5:51 of 2nd period - Double Minor Penalty to Oliver Ekman-Larsson for Charging. 5:52 of 2nd period - Patrick Brown wins face-off versus Mikael Backlund in RENO LIONS zone. 5:52 of 2nd period - Patrick Brown is hit by Nikita Kucherov. 6:48 of 2nd period - Shot by Nicolas Roy. 6:48 of 2nd period - Stopped by Elvis Merzlikins without a rebound. 6:49 of 2nd period - Kirill Kaprizov wins face-off vers